Map: [ESL] Royal Blood

Players

Serral - Winner!

  • Race: Zerg Zerg
  • Spawn Location: 7:00

GunGFuBanDa

  • Race: Protoss Protoss
  • Spawn Location: 1:00

Event: ESL SC2 Masters 2023 Summer (Regionals)

VOD

Have the link to the VOD?

Description

Time

  • Played on: May 17, 2023, 10:47 a.m.
  • Length: 6:24

All games in this series

Show
View Real Time Build Order
Export as new Build Order

Serral Zerg - Winner!

Build Orders: Hatch First 

Get SALT Encoding   

  12  0:00  Drone  
  13  0:11  Overlord  
  13  0:16  Drone  
  14  0:30  Drone x2  
  16  0:47  Drone  
  17  0:54  Drone, Hatchery  
  17  0:57  Drone  
  18  1:07  Extractor  
  17  1:12  Spawning Pool  
  17  1:15  Drone  
  17  1:18  Drone  
  18  1:27  Drone  
  19  1:38  Drone  
  20  1:48  Overlord  
  20  1:59  Queen  
  22  2:05  Queen  
  22  2:07  Drone, Zergling x2, Metabolic Boost  
  26  2:10  Zergling x2  
  27  2:16  Drone  
  27  2:20  Drone  
  29  2:27  Drone  
  30  2:35  Drone  
  31  2:41  Queen  
  31  2:42  Overlord  
  31  2:43  Drone  
  34  2:50  Drone  
  35  2:53  Drone  
  36  3:00  Drone  
  36  3:04  Drone  
  37  3:06  Drone  
  37  3:08  Drone x2  
  37  3:09  Queen  
  37  3:12  Overlord  
  42  3:15  Drone  
  43  3:21  Hatchery  
  43  3:23  Drone  
  43  3:31  Drone x4  
  47  3:36  Queen  
  47  3:38  Overlord  
  49  3:42  Overlord  
  49  3:44  Drone  
  49  3:45  Drone  
  51  3:53  Overlord  
  51  3:55  Queen  
  51  3:57  Drone x2  
  51  3:58  Drone  
  56  4:03  Drone x2  
  56  4:05  Drone, Spore Crawler  
  56  4:08  Drone  
  59  4:17  Drone x4  
  62  4:23  Queen  
  64  4:25  Roach Warren  
  64  4:27  Overlord  
  64  4:29  Drone x2  
  65  4:34  Overlord  
  65  4:37  Extractor  
  64  4:40  Overlord  
  64  4:41  Extractor  
  64  4:42  Zergling x4  
  64  4:44  Zergling x4  
  67  4:51  Spore Crawler  
  67  4:52  Spore Crawler  
  65  4:57  Zergling x8  
  69  5:08  Roach x8  
  69  5:13  Roach  
  69  5:14  Roach  
  89  5:15  Overlord  
  89  5:23  Roach x4  
  95  5:30  Overlord  
  95  5:31  Zergling x8  
  95  5:34  Zergling x2  
  97  5:37  Zergling x6  
  97  5:40  Queen  
  97  5:42  Zergling x2  
  103  5:45  Zergling x4  
  105  5:52  Zergling x2  
  105  5:53  Ravager x4  
  105  5:55  Zergling x4  
  105  5:56  Zergling x4  
  114  5:59  Overlord  
  113  6:06  Overlord  
Show
View Real Time Build Order
Export as new Build Order

GunGFuBanDa Protoss 

Build Orders: 1 Gate Expand, Oracle Opening 

Get SALT Encoding   

  12  0:00  Probe  
  13  0:12  Probe  
  14  0:18  Pylon  
  14  0:24  Probe  
  15  0:36  Probe (Chrono Boost)  
  15  0:40  Gateway  
  16  0:46  Probe (Chrono Boost)  
  17  0:50  Assimilator  
  17  0:51  Probe (Chrono Boost)  
  18  1:03  Probe  
  19  1:15  Probe  
  20  1:25  Nexus  
  20  1:36  Cybernetics Core  
  20  1:39  Probe (Chrono Boost)  
  21  1:49  Probe (Chrono Boost), Assimilator  
  22  1:54  Pylon  
  22  1:55  Probe  
  23  2:12  Probe, Adept (Chrono Boost)  
  26  2:21  Pylon  
  26  2:24  Stargate  
  26  2:26  Probe  
  27  2:34  Adept (Chrono Boost)  
  29  2:44  Cybernetics Core  
  29  2:47  Warp Gate  
  29  2:48  Probe  
  30  2:53  Probe  
  31  3:00  Probe  
  31  3:05  Probe  
  33  3:09  Oracle (Chrono Boost)  
  33  3:12  Probe  
  35  3:17  Probe  
  35  3:18  Adept  
  38  3:24  Probe  
  39  3:29  Probe  
  38  3:34  Shield Battery  
  38  3:36  Probe  
  38  3:37  Gateway  
  39  3:41  Probe, Oracle (Chrono Boost)  
  43  3:49  Probe  
  43  3:53  Probe, Shield Battery  
  45  4:01  Probe  
  45  4:02  Pylon  
  46  4:17  Oracle (Chrono Boost)  
  46  4:20  Probe x2  
  51  4:28  Gateway  
  51  4:30  Nexus  
  51  4:32  Probe x2  
  53  4:44  Probe  
  53  4:45  Pylon  
  54  4:51  Pylon  
  54  4:55  Assimilator  
  54  4:59  Robotics Facility  
  54  5:01  Pylon  
  54  5:03  Probe (Chrono Boost), Stalker  
  54  5:04  Probe (Chrono Boost)  
  54  5:06  Adept  
  60  5:15  Probe (Chrono Boost)  
  60  5:17  Assimilator  
  62  5:21  Probe (Chrono Boost)  
  62  5:23  Probe (Chrono Boost)  
  62  5:27  Probe  
  61  5:29  Probe  
  61  5:35  Adept x3  
  68  5:42  Probe (Chrono Boost)  
  70  5:45  Probe (Chrono Boost)  
  70  5:46  Probe (Chrono Boost)  
  72  5:52  Robotics Bay  
  72  5:53  Forge  
  72  5:54  Twilight Council  
  72  5:55  Probe (Chrono Boost), Pylon  
  72  5:56  Probe (Chrono Boost)  
  75  5:57  Probe (Chrono Boost), Shield Battery  
  75  6:00  Probe (Chrono Boost)  
  75  6:03  Probe  
  80  6:06  Probe  
  80  6:07  Stalker x2  
  80  6:08  Stalker  
Tags
 
Add a new tag
Caveats
  • Supply blocks, unpowered buildings, or Contaminate may cause inaccurate times.
  • Supply counts are checked every 10 seconds.